[Event "WSTCC-65 2024"]
[Site "Krakow"]
[Date "2024.07.02"]
[Round "1.6"]
[White "Bykhovsky, Avigdor"]
[Black "Mortensen, John"]
[Result "1-0"]
[ECO "D37"]
[WhiteElo "2335"]
[BlackElo "2048"]
[Annotator "TA"]
[PlyCount "59"]
[EventDate "2024.07.01"]
[EventType "team-tourn"]
[EventCountry "POL"]
[SourceTitle "playchess.com"]
[Source "ChessBase"]
[SourceQuality "1"]
[TimeControl "40/5400+30:1800+30"]

1. d4 d5 2. c4 e6 3. Nf3 Nf6 4. Nc3 Be7 5. Bf4 O-O 6. e3 c5 7. dxc5 Bxc5 8. a3 Nc6 9. Be2 Re8 10. O-O h6 11. cxd5 Nxd5 {[%emt 0:01:24] White is slightly better.} 12. Nxd5 exd5 13. Rc1 Bd6 14. Bxd6 (14. Qxd5 Bxf4 15. Qxd8 Nxd8 $15) 14... Qxd6 15. Rc2 Bf5 16. Bd3 Bxd3 17. Qxd3 Rad8 18. Rd2 Qe6 19. h3 Re7 20. Rfd1 Rc7 21. Nd4 Nxd4 22. Qxd4 b6 23. Qf4 Rc5 24. Qf3 Rd7 25. Kh2 Qe5+ 26. g3 a5 27. b4 Rb5 (27... axb4 $16 28. axb4 Rb5) 28. Qe2 $18 {[%emt 0:01:50] White is clearly winning.} d4 {[%emt 0:00:08] [#]} 29. f4 $1 (29. exd4 Qxe2 30. Rxe2 axb4 $11) (29. Rxd4 Rbd5 30. Qc4 Rxd4 31. Rxd4 Rxd4 32. Qc8+ (32. Qxd4 Qe6 $16) (32. exd4 Qf5 $16) 32... Kh7 33. exd4 Qxd4 34. Qf5+ Kg8 $11) 29... d3 30. Rxd3 {[%emt 0:01:37] Weighted Error Value: White=0.06 (flawless) /Black=0.16 (very precise) .  Loses game:     	---       	Black=1      Inaccurate:     	White=2     	Black=2      OK:         	White=7     	Black=3      Best:        	White=1     	---} ({Stronger than} 30. fxe5 dxe2 31. Rxd7 exd1=R (31... exd1=Q 32. Rxd1 axb4 33. Rd8+ Kh7 34. axb4 $11) 32. Rxd1 axb4 (32... Rxe5 33. bxa5 Rxa5 34. Rd8+ Kh7 35. Rd3 $11) 33. Rd8+ Kh7 34. axb4 Rxb4 $11) 1-0

[Event "WSTCC-65 2024"]
[Site "Krakow"]
[Date "2024.07.02"]
[Round "1.6"]
[White "Vatter, Hans-Joachim"]
[Black "Bhopal, Raj"]
[Result "1-0"]
[ECO "B01"]
[WhiteElo "2214"]
[BlackElo "1991"]
[Annotator "RC"]
[PlyCount "49"]
[EventDate "2024.07.01"]
[EventType "team-tourn"]
[EventCountry "POL"]
[SourceTitle "playchess.com"]
[Source "ChessBase"]
[SourceQuality "1"]
[TimeControl "40/5400+30:1800+30"]

1. e4 d5 2. exd5 Qxd5 3. Nc3 Qd6 4. d4 Nf6 5. Nf3 a6 6. g3 Bg4 7. h3 Bh5 8. Bg2 Nc6 9. Bf4 Qb4 10. Bxc7 Nd5 11. a3 Nxc3 12. axb4 Nxd1 13. b5 Bxf3 14. Bxf3 Nxd4 15. Bxb7 Ra7 16. bxa6 Kd7 17. Bb6 Nxc2+ 18. Kxd1 Nxa1 19. Bxa7 Kc7 20. b4 e6 21. Kc1 Be7 22. Kb1 Bf6 23. Rc1+ Kd7 24. Ka2 h5 25. Be3 1-0

[Event "WSTCC-65 2024"]
[Site "Krakow"]
[Date "2024.07.02"]
[Round "1.6"]
[White "Soderberg, Per"]
[Black "Reem, Meir"]
[Result "1-0"]
[ECO "B07"]
[WhiteElo "2015"]
[BlackElo "1866"]
[Annotator "NA RC"]
[PlyCount "77"]
[EventDate "2024.07.01"]
[EventType "team-tourn"]
[EventCountry "POL"]
[SourceTitle "playchess.com"]
[Source "ChessBase"]
[SourceQuality "1"]
[TimeControl "40/5400+30:1800+30"]

1. e4 d6 2. d4 Nf6 3. Nc3 c6 4. Nf3 Qa5 5. Bd2 Qc7 6. h3 e5 7. Bd3 Be7 8. O-O O-O 9. Re1 b5 10. a4 b4 11. Ne2 a5 12. c3 c5 13. Ng3 g6 14. Qe2 Re8 15. dxe5 dxe5 16. Bc4 Ba6 17. b3 Bxc4 18. Qxc4 Ra7 19. Rac1 Bd6 20. Be3 Rb7 21. Red1 Qe7 22. Bg5 Qe6 23. Nd2 bxc3 24. Qxc3 Nc6 25. Nc4 Bc7 26. Bxf6 Qxf6 27. Ne3 Nd4 28. Nd5 Qd8 29. Qxc5 Bd6 30. Qc4 Rxb3 31. Rxd4 Rxg3 32. Rdd1 Ra3 33. Nc3 Rxc3 34. Rxc3 Qe7 35. Rcd3 Bb4 36. Rd7 Qf6 37. R1d3 Re7 38. Rf3 Qg5 39. Rxf7 1-0

[Event "WSTCC-65 2024"]
[Site "Krakow"]
[Date "2024.07.02"]
[Round "1.7"]
[White "Cordes, Steffen"]
[Black "Maryasin, Boris"]
[Result "0-1"]
[ECO "B47"]
[WhiteElo "1989"]
[BlackElo "2209"]
[Annotator "TA"]
[PlyCount "94"]
[EventDate "2024.07.01"]
[EventType "team-tourn"]
[EventCountry "POL"]
[SourceTitle "playchess.com"]
[Source "ChessBase"]
[SourceQuality "1"]
[TimeControl "40/5400+30:1800+30"]

1. e4 c5 2. Nc3 Nc6 3. Nf3 e6 4. d4 cxd4 5. Nxd4 Qc7 6. Be2 Nf6 7. O-O Nxd4 8. Qxd4 {[%emt 0:00:28] Und jetzt Nb5 wäre schön.} Bc5 $1 9. Qd3 a6 {[%emt 0:00:48] Es drohte Nb5. Weiß steht etwas besser.} 10. Be3 d6 11. Bxc5 Qxc5 12. Rad1 Ke7 13. Qd4 (13. Qg3 $16) 13... Qxd4 $11 14. Rxd4 e5 $1 15. Rd2 Be6 16. Rfd1 Rhd8 17. g3 b5 18. a3 g5 19. Bf3 Rac8 20. Re1 Rc4 21. Nd5+ (21. Nd1 $11) 21... Bxd5 $17 22. exd5 g4 23. Bg2 h5 24. c3 h4 25. f4 (25. gxh4 $15 Rh8 26. Rd4) 25... gxf3 26. Bxf3 hxg3 27. hxg3 Rg8 28. Kg2 Rg5 29. Re3 ({Besser ist} 29. Rd4) 29... Kf8 {[%emt 0:04:20] Schwarz steht aktiver.} 30. b3 Rc5 31. c4 bxc4 32. bxc4 (32. b4 $142 Rc8 33. Rc2) 32... Rxc4 $19 33. Rb3 Ne4 $2 {[%emt 0:06:25] [#]} (33... a5 $19 {und Schwarz behält klar die Oberhand. ...e4 ist eine echte Drohung.} 34. Be2 Rc1) 34. Bxe4 $17 Rxe4 {[%emt 0:00:01][%mdl 4096] Endspiel. KRR-KRR} 35. Rdd3 (35. Rf2 $15) 35... Ra4 36. Rb6 $2 {[%emt 0:01:35] Der Zug kostet die Partie für Weiß.} (36. Rf3 $17) 36... e4 $19 37. Rd1 {[%emt 0:01:33] [#]} (37. Rdb3 Rxd5 38. Rc6) 37... Rxa3 38. Rxd6 Rgxg3+ 39. Kf2 Raf3+ 40. Ke2 Rg2+ 41. Ke1 e3 {[%emt 0:32:44] Schwarz setzt Matt.} 42. Rd3 Rh3 43. Rf6 Ra2 ({Nicht} 43... Rf2 44. Rxe3 Rxf6 45. Rxh3 $15) 44. Rf1 Rhh2 45. Rf3 Ra1+ 46. Rd1 Rh1+ 47. Rf1 Rxf1+ {Gewichteter Fehlerwert: Weiß=0.51/Schwarz=0.15 (sehr präzise) .  Verlustzug:     	Weiß=1     	---        Gewinn verpasst:   	---       	Schwarz=1     Fehler:       	Weiß=7     	---        Ungenau:       	Weiß=4     	---        OK:         	Weiß=4     	Schwarz=10    Bester:       	---       	Schwarz=5     Stark:        	---       	Schwarz=2} 0-1

[Event "WSTCC-65 2024"]
[Site "Krakow"]
[Date "2024.07.02"]
[Round "1.7"]
[White "Scrimgour, Alan"]
[Black "Kiefer, Gerhard"]
[Result "0-1"]
[ECO "B22"]
[WhiteElo "1979"]
[BlackElo "2210"]
[Annotator "TA"]
[PlyCount "86"]
[EventDate "2024.07.01"]
[EventType "team-tourn"]
[EventCountry "POL"]
[SourceTitle "playchess.com"]
[Source "ChessBase"]
[SourceQuality "1"]
[TimeControl "40/5400+30:1800+30"]

1. e4 c5 2. c3 Nf6 3. e5 Nd5 4. d4 cxd4 5. cxd4 d6 6. Nf3 e6 7. Bc4 Nb6 8. Bd3 Nc6 9. O-O Qc7 10. Nc3 dxe5 (10... Be7 $142) 11. dxe5 (11. Nxe5 $16 {Schwarz muss nun Bf4 beachten.} Nxe5 12. Bf4 (12. dxe5 Bd7 $16)) 11... Bd7 $14 {[%emt 0:00:59] Weiß steht etwas besser.} 12. Bf4 Nb4 13. Nb5 Qb8 14. Re1 N6d5 {[%emt 0:01:32][%cal Ob4d3] Und ...Nxd3! würde nun gewinnen.} 15. Bg3 h6 (15... Nxd3 $11 16. Qxd3 Qd8) 16. a3 (16. Bc4 $16) 16... Nxd3 $11 17. Qxd3 a6 18. Nd6+ Bxd6 19. exd6 O-O {[%emt 0:00:13] Schwarz hat schwache schwarze Felder} 20. Ne5 Qd8 21. Rad1 $36 {[%emt 0:03:35][%mdl 2048] Weiss hat Druck.} Rc8 22. Qe4 f5 23. Qf3 f4 {[%emt 0:05:44] [#]} (23... Ba4 $16) 24. Bh4 $1 $18 g5 $2 (24... Qe8) 25. Rxd5 $2 (25. Qh5 $18 {ist der präzise Gewinnweg. Und jetzt Qg6+ wäre schön.} Rf6 26. Bxg5) 25... exd5 $16 26. Qxd5+ Kh7 $2 {[%emt 0:05:15] [#]} (26... Kh8 $16) 27. f3 $1 $18 {[%emt 0:01:51] Nxd7 wäre nun fies.} Qb6+ 28. Bf2 Qb5 29. Qxb5 ({Günstiger ist} 29. Qd4 $18) 29... Bxb5 $11 30. Bb6 {[%emt 0:00:18] Lässt Rfd8 nicht zu} Rfe8 31. h4 Re6 32. Bc7 (32. d7 Bxd7 33. Ba5 Be8 34. hxg5 hxg5 $17) 32... Rce8 33. a4 $2 Rxe5 34. Rxe5 Rxe5 35. axb5 $19 {[%emt 0:00:07][%mdl 4096] Endspiel. KR-KB} Rd5 (35... gxh4 $2 {verliert.} 36. d7 Rd5 37. d8=Q $18 (37. d8=B Rxb5 38. Bf6 h3 $11)) 36. bxa6 bxa6 37. hxg5 $2 (37. Kf2) 37... hxg5 {[%emt 0:00:10] Schwarz steht klar auf Gewinn.} 38. Kh2 Kg6 39. g3 Kf5 40. gxf4 gxf4 41. Kh3 Rd2 42. b4 Rd4 43. Kg2 Ke6 {[%emt 0:00:19] Gewichteter Fehlerwert: Weiß=0.76/Schwarz=0.52.  Verlustzug:     	Weiß=1     	---        Gewinn verpasst:   	Weiß=2     	---        Fehler:       	Weiß=3     	Schwarz=5     Ungenau:       	Weiß=2     	Schwarz=1     OK:         	Weiß=8     	Schwarz=8     Bester:       	Weiß=2     	Schwarz=5     Stark:        	Weiß=1     	---} (43... Rxb4 $2 {ist das falsche Schlagen.} 44. d7 Rd4 45. d8=Q $18 (45. d8=R Rc4 $18)) 0-1

[Event "WSTCC-65 2024"]
[Site "Krakow"]
[Date "2024.07.02"]
[Round "1.7"]
[White "Gorjaltsan, Eduard"]
[Black "Hammar, Bengt"]
[Result "0-1"]
[ECO "E70"]
[WhiteElo "1884"]
[BlackElo "2127"]
[Annotator "NA RC"]
[PlyCount "73"]
[EventDate "2024.07.01"]
[EventType "team-tourn"]
[EventCountry "POL"]
[SourceTitle "playchess.com"]
[Source "ChessBase"]
[SourceQuality "1"]
[TimeControl "40/5400+30:1800+30"]

1. d4 Nf6 2. c4 g6 3. Nc3 Bg7 4. e4 d6 5. Bd3 O-O 6. Nge2 c5 7. d5 e6 8. O-O exd5 9. exd5 Nbd7 10. f4 a6 11. Ng3 Rb8 12. a4 Ne8 13. Nce4 Ndf6 14. f5 Nxe4 15. Bxe4 b5 16. fxg6 hxg6 17. cxb5 axb5 18. axb5 Rxb5 19. Qc2 Rb4 20. Ra4 Rxa4 21. Qxa4 Qb6 22. Qc2 Ba6 23. Re1 Nf6 24. Bf3 Nd7 25. Be2 Re8 26. Kf1 Ne5 27. b3 Ng4 28. h3 Ne3+ 29. Bxe3 Rxe3 30. Bxa6 Qxa6+ 31. Ne2 Rc3 32. Qe4 Bd4 33. Rb1 Re3 34. Qc2 Re5 35. Qc4 Qa2 36. Rd1 Rf5+ 37. Nf4 0-1

[Event "WSTCC-65 2024"]
[Site "Krakow"]
[Date "2024.07.02"]
[Round "1.8"]
[White "Lederman, Leon"]
[Black "Oehlerich, Per"]
[Result "1-0"]
[ECO "B17"]
[WhiteElo "2198"]
[BlackElo "1959"]
[Annotator "RC"]
[PlyCount "53"]
[EventDate "2024.07.01"]
[EventType "team-tourn"]
[EventCountry "POL"]
[SourceTitle "playchess.com"]
[Source "ChessBase"]
[SourceQuality "1"]
[TimeControl "40/5400+30:1800+30"]

1. e4 c6 2. d4 d5 3. Nc3 dxe4 4. Nxe4 Nd7 5. Nf3 Ngf6 6. Nxf6+ Nxf6 7. Bc4 e6 8. O-O Be7 9. Bb3 O-O 10. Qe2 Re8 11. Bg5 Qc7 12. c4 Bd7 13. Rad1 a5 14. Ne5 Nd5 15. Nxf7 Kxf7 16. Qh5+ Kf8 17. cxd5 Bxg5 18. dxe6 Bxe6 19. Bxe6 Rxe6 20. Qxg5 Rae8 21. d5 cxd5 22. Rxd5 Qc4 23. Rdd1 Qxa2 24. Rd7 Qxb2 25. Qf5+ Kg8 26. Qf7+ Kh8 27. Qxe6 1-0

[Event "WSTCC-65 2024"]
[Site "Krakow"]
[Date "2024.07.02"]
[Round "1.8"]
[White "Vogel, Robert"]
[Black "McAndrew, Robert"]
[Result "1/2-1/2"]
[ECO "E77"]
[WhiteElo "2085"]
[BlackElo "1926"]
[Annotator "NA RC"]
[PlyCount "91"]
[EventDate "2024.07.01"]
[EventType "team-tourn"]
[EventCountry "POL"]
[SourceTitle "playchess.com"]
[Source "ChessBase"]
[SourceQuality "1"]
[TimeControl "40/5400+30:1800+30"]

1. d4 Nf6 2. c4 g6 3. Nc3 Bg7 4. e4 d6 5. f4 c5 6. d5 O-O 7. Nf3 e6 8. Bd3 exd5 9. cxd5 b5 10. e5 dxe5 11. fxe5 Ng4 12. Bxb5 Nxe5 13. O-O a6 14. Be2 Nbd7 15. Bf4 Rb8 16. Qd2 Rb4 17. Nxe5 Nxe5 18. Rad1 Ng4 19. Bxg4 Bxg4 20. Rde1 Re8 21. Rxe8+ Qxe8 22. Re1 Qd7 23. Be5 f6 24. Bg3 Bf5 25. Re2 h5 26. Qe1 Kh7 27. Re7 Qc8 28. b3 g5 29. Rc7 Qf8 30. h3 h4 31. Bh2 Rd4 32. Kh1 Kg6 33. Bg1 Qd6 34. Rc6 Qf4 35. Rxc5 Rd3 36. Rc4 Rxh3+ 37. gxh3 Qf3+ 38. Kh2 Bf8 39. Bc5 Qxh3+ 40. Kg1 Bxc5+ 41. Rxc5 Qg4+ 42. Kf2 Qf4+ 43. Kg1 Qg4+ 44. Kh2 Qh3+ 45. Kg1 Qg4+ 46. Kh2 1/2-1/2

[Event "WSTCC-65 2024"]
[Site "Krakow"]
[Date "2024.07.02"]
[Round "1.8"]
[White "Algars, Olle"]
[Black "Tsifanskaya, Ludmila A"]
[Result "1/2-1/2"]
[ECO "B38"]
[WhiteElo "1883"]
[BlackElo "1970"]
[Annotator "NA RC"]
[PlyCount "53"]
[EventDate "2024.07.01"]
[EventType "team-tourn"]
[EventCountry "POL"]
[SourceTitle "playchess.com"]
[Source "ChessBase"]
[SourceQuality "1"]
[TimeControl "40/5400+30:1800+30"]

1. c4 c5 2. Nf3 Nc6 3. d4 cxd4 4. Nxd4 g6 5. e4 Bg7 6. Be3 Nf6 7. Nc3 d6 8. h3 Bd7 9. Rc1 O-O 10. Be2 Nxd4 11. Bxd4 Bc6 12. Qd3 a6 13. O-O b5 14. Rfd1 bxc4 15. Qxc4 Bb5 16. Nxb5 axb5 17. Qxb5 Rxa2 18. e5 dxe5 19. Bc5 Qa8 20. Ba3 Rxa3 21. bxa3 Qxa3 22. Qc5 Qxc5 23. Rxc5 Ne4 24. Rc7 Bf6 25. Bc4 Nd6 26. Bd5 Kg7 27. Ra1 1/2-1/2

[Event "WSTCC-65 2024"]
[Site "Krakow"]
[Date "2024.07.02"]
[Round "1.9"]
[White "Roos, Daniel"]
[Black "Varley, Peter"]
[Result "1-0"]
[ECO "A08"]
[WhiteElo "2307"]
[BlackElo "2140"]
[Annotator "TA"]
[PlyCount "103"]
[EventDate "2024.07.01"]
[EventType "team-tourn"]
[EventCountry "POL"]
[SourceTitle "playchess.com"]
[Source "ChessBase"]
[SourceQuality "1"]
[TimeControl "40/5400+30:1800+30"]

1. Nf3 d5 2. g3 c5 3. Bg2 Nc6 4. d4 cxd4 5. Nxd4 Nf6 6. O-O e5 7. Nxc6 bxc6 {[%emt 0:00:06] [#]} 8. c4 $1 Rb8 (8... Be6 9. Nc3) 9. Bg5 Be6 ({Black should play} 9... Be7 $14) 10. Nc3 $16 e4 {[%emt 0:05:38] White is better.} 11. Qa4 {[%emt 0:08:50] aiming for Nxd5.} Qd7 12. Rfd1 Rb4 (12... Rxb2 $2 13. Bxf6 gxf6 14. cxd5 (14. Nxe4 Be7 $18) 14... cxd5 15. Qd4 $18) 13. Qa5 (13. Qc2 $16) 13... Rxc4 $14 (13... Rxb2 $2 14. Bxf6 Bb4 15. Qa6 gxf6 16. cxd5 $18 (16. Nxe4 Be7 $16)) 14. Bxf6 $1 gxf6 15. Nxe4 $1 Qe7 (15... Be7 $142) 16. Nd2 $16 Rc5 17. Qa6 Qc7 18. Nb3 Rb5 19. Rac1 {[%emt 0:01:23] Black must now prevent Qxb5.} Rb6 20. Qa4 Qd7 21. e4 Rb4 (21... Be7 $142 22. exd5 cxd5 23. Qxd7+ (23. Rc8+ Bd8 $18) 23... Bxd7) 22. Qa5 $18 (22. Qxc6 $6 Qxc6 23. Rxc6 dxe4 $16) 22... Rb5 23. Qc3 Be7 24. Qxc6 Qxc6 25. Rxc6 dxe4 26. Bxe4 (26. Nd4 $18 Rc5 27. Bxe4) 26... O-O $16 27. Rc7 Bxb3 28. axb3 Bd8 29. Rxa7 Rxb3 30. Rd2 {[%emt 0:04:46] White has more active pieces.} ({Much less strong is} 30. Ra8 Bc7 $16) 30... f5 31. Bd5 Rb4 {[%emt 0:00:17] [#]} (31... Rb8 $16 32. Bc4 Rb6) 32. Bxf7+ $1 $18 Rxf7 (32... Kh8 33. b3) 33. Rxd8+ Kg7 34. Rxf7+ Kxf7 {[%emt 0:00:06][%mdl 4096] Endgame. KR-KR} 35. Rd2 Kg6 36. Kg2 Rb3 37. Kh3 Rb4 (37... f4 38. Kg4 Rb4 39. gxf4 h5+ 40. Kf3 Kf5) 38. f4 Kh5 39. Rd5 Kg6 {[%emt 0:00:07] [#]} 40. Rd6+ $1 Kg7 (40... Kf7 $142 41. Rd2 Kg6) 41. Rd2 Kg6 42. Kh4 {[%emt 0:00:12] Hoping for Rd6+.} Kf6 43. Kh5 {[%emt 0:00:30] Rd6+ would now be deadly.} Kg7 44. Kg5 Rb5 45. Re2 h6+ 46. Kh5 Rb6 47. Re7+ Kg8 48. Re5 Rxb2 49. Kxh6 {[%emt 0:00:33] White mates.} ({Inferior is} 49. Rxf5 Rxh2+ 50. Kg4 (50. Kg6 Rh3 $11) 50... Rg2 $11) 49... Rxh2+ 50. Kg6 Kf8 51. Rxf5+ Ke7 52. g4 {[%emt 0:00:43] Weighted Error Value: White=0.11 (very precise) /Black=0.33.  Mistake:       	White=2     	Black=5      Inaccurate:     	---       	Black=2      OK:         	White=16    	Black=9      Best:        	White=4     	Black=3      Strong:       	White=2     	---} 1-0

[Event "WSTCC-65 2024"]
[Site "Krakow"]
[Date "2024.07.02"]
[Round "1.9"]
[White "Pigott, John C"]
[Black "Carvalho, Herbert Abreu"]
[Result "1-0"]
[ECO "A29"]
[WhiteElo "2290"]
[BlackElo "2123"]
[Annotator "TA"]
[PlyCount "103"]
[EventDate "2024.07.01"]
[EventType "team-tourn"]
[EventCountry "POL"]
[SourceTitle "playchess.com"]
[Source "ChessBase"]
[SourceQuality "1"]
[TimeControl "40/5400+30:1800+30"]

1. c4 e5 2. Nc3 Nf6 3. Nf3 Nc6 4. g3 d5 5. cxd5 Nxd5 6. Bg2 Nb6 7. O-O Be7 8. b3 Bf5 9. Bb2 Qd7 10. d4 e4 (10... exd4 $11 {keeps the balance.} 11. Nb5 Bf6) 11. Ne5 $16 Nxe5 12. dxe5 Qc6 13. Rc1 {[%emt 0:18:57][%cal Oc3e4] Hoping for Nxe4!} Rd8 14. Qc2 $36 {[%emt 0:00:08][%mdl 2048] White has strong initiative.} O-O 15. Bxe4 Bxe4 16. Nxe4 Qxc2 17. Rxc2 c6 18. e3 Rd5 19. Bd4 Rfd8 20. f4 Ra5 21. Bc5 Kf8 22. Bxe7+ Kxe7 23. Nd6 Rd7 24. Rd1 g6 (24... f6 $16 {might work better.}) 25. Rcd2 Rd5 26. Rxd5 cxd5 {[%emt 0:00:14][%mdl 4096] Endgame. KRN-KRN} (26... Nxd5 $16 27. Rd3 f6) 27. Nb5 a6 28. Nd4 Rc7 29. Kf2 Nd7 30. Ke2 Nf8 31. Kd2 {[%emt 0:00:56] White is more active.} Ne6 32. Rc1 Rd7 (32... Rxc1 $142 33. Kxc1 Nxd4 34. exd4 h5) 33. Rc8 h5 (33... Rd8 $142 34. Rxd8 Nxd8) 34. Kc3 $18 f6 35. Nf3 g5 36. f5 Nc7 37. e6 Nb5+ 38. Kd3 Rc7 39. Rxc7+ Nxc7 {[%emt 0:00:08] KN-KN} 40. h3 Kd6 41. g4 h4 (41... hxg4 $142 42. hxg4 Ke7) 42. Nd4 a5 43. a4 {[%emt 0:00:00] [#] White threatens Nb5+ and mate.} Na6 44. Nb5+ Ke7 45. Kd4 Nb4 46. Kc5 Nd3+ 47. Kd4 $2 (47. Kxd5 $18 Nf2 48. Nc3 (48. Nd6 Nxh3 49. Ne4 Ng1 $18)) 47... Nf2 $2 {[%emt 0:00:00][%mdl 8192] [#]} (47... Nb4 $11 48. Kc5 Nd3+ 49. Kb6 (49. Kxd5 Nb4+ 50. Kc5 Nd3+ 51. Kd4 Nb4 $18) 49... Nf2) 48. Nc3 (48. Kxd5 Nxh3 49. Ke4 Nf2+ 50. Kf3 Nd3 $16) 48... Nxh3 49. Nxd5+ (49. Kxd5 $2 {perishes.} Nf2 50. Kc5 Nd3+ 51. Kc4 (51. Kb6 $2 h3 $19) 51... h3 52. Nd5+ (52. Kxd3 $2 h2 $19) 52... Kf8 53. e7+ (53. Kxd3 $2 h2 $19) 53... Ke8 54. Nxf6+ (54. Kxd3 $2 h2 $19) 54... Kxe7 $19) 49... Kd8 50. Nxf6 Nf2 51. Ke5 (51. Nd5 $142 Nxg4 52. f6 Nxf6 53. Nxf6 h3 54. Ke5 Ke7 55. Ng4 (55. Nd5+ Ke8 56. Kd6 h2 57. Nc7+ Kf8 58. e7+ Kg7 59. e8=Q h1=Q 60. Ne6+ Kf6) 55... b6 56. Nh2) 51... h3 52. Kd6 {[%emt 0:00:21] Black did not feel at home in the position after the opening.   Weighted Error Value: White=0.30/Black=0.58.  Mistake:       	---       	Black=6      Inaccurate:     	White=1     	Black=5      OK:         	White=12    	Black=11     Best:        	White=3     	Black=1} 1-0

[Event "WSTCC-65 2024"]
[Site "Krakow"]
[Date "2024.07.02"]
[Round "1.9"]
[White "Beilfuss, Wilfried"]
[Black "Quinn, John M"]
[Result "0-1"]
[ECO "E81"]
[WhiteElo "2059"]
[BlackElo "2073"]
[Annotator "NA RC"]
[PlyCount "106"]
[EventDate "2024.07.01"]
[EventType "team-tourn"]
[EventCountry "POL"]
[SourceTitle "playchess.com"]
[Source "ChessBase"]
[SourceQuality "1"]
[TimeControl "40/5400+30:1800+30"]

1. d4 Nf6 2. c4 g6 3. Nc3 Bg7 4. e4 d6 5. f3 O-O 6. Be3 c5 7. dxc5 dxc5 8. Qxd8 Rxd8 9. e5 Nfd7 10. f4 Nc6 11. O-O-O b6 12. Be2 Bb7 13. Bf3 Bh6 14. Bd2 Rab8 15. Nge2 Na5 16. Bxb7 Rxb7 17. b3 Nc6 18. Kb2 Ndxe5 19. Ne4 Rbd7 20. fxe5 Bxd2 21. e6 fxe6 22. a3 Bh6 23. Kc2 Rxd1 24. Rxd1 Rxd1 25. Kxd1 e5 26. N2c3 Kf7 27. Kc2 Ke6 28. g4 Bf4 29. h3 h5 30. Kd3 hxg4 31. hxg4 Bc1 32. Nb1 Kd7 33. Kc2 Bf4 34. Kd3 Nd4 35. b4 cxb4 36. axb4 a5 37. bxa5 bxa5 38. Nbc3 Ne6 39. c5 Kc6 40. Kc4 Nc7 41. Nf2 Be3 42. Nd3 Bd4 43. Ne2 Ba1 44. Ndc1 a4 45. Kb4 Na6+ 46. Kxa4 Nxc5+ 47. Kb4 Kd5 48. Ng3 e4 49. Nce2 Nd3+ 50. Kb3 Bd4 51. Kc2 Ke5 52. Nf1 Nf2 53. Nh2 Be3 0-1

[Event "WSTCC-65 2024"]
[Site "Krakow"]
[Date "2024.07.02"]
[Round "1.10"]
[White "Orton, Stephen L A"]
[Black "Becker, Norbert"]
[Result "1/2-1/2"]
[ECO "B35"]
[WhiteElo "2115"]
[BlackElo "2047"]
[Annotator "NA RC"]
[PlyCount "92"]
[EventDate "2024.07.01"]
[EventType "team-tourn"]
[EventCountry "POL"]
[SourceTitle "playchess.com"]
[Source "ChessBase"]
[SourceQuality "1"]
[TimeControl "40/5400+30:1800+30"]

1. e4 c5 2. Nf3 g6 3. d4 cxd4 4. Nxd4 Bg7 5. Nc3 Nc6 6. Be3 Nf6 7. Bc4 Qa5 8. O-O O-O 9. h3 d6 10. Bb3 Bd7 11. f4 Nxd4 12. Bxd4 Bc6 13. Qd3 Nd7 14. Bxg7 Kxg7 15. Qd4+ f6 16. Nd5 Bxd5 17. Bxd5 Rab8 18. Rad1 Qc5 19. c3 a5 20. Be6 Rfd8 21. Bxd7 Qxd4+ 22. Rxd4 Rxd7 23. e5 b5 24. Rfd1 Rb6 25. Kf2 Kf7 26. g4 Rd8 27. Rd5 Ke6 28. f5+ Kd7 29. exf6 exf6 30. Re1 Re8 31. Rxe8 Kxe8 32. fxg6 hxg6 33. h4 Ke7 34. Kf3 Ke6 35. Ke4 Kd7 36. h5 f5+ 37. gxf5 gxh5 38. f6 h4 39. f7 Ke7 40. Rf5 Rb8 41. Rh5 Kxf7 42. Rxh4 Re8+ 43. Kd3 Re5 44. b3 Ke6 45. Rh8 Rg5 46. Ra8 Rg3+ 1/2-1/2

[Event "WSTCC-65 2024"]
[Site "Krakow"]
[Date "2024.07.02"]
[Round "1.10"]
[White "Barreto, Ignacio C. de Barros"]
[Black "Baker, Chris W"]
[Result "1/2-1/2"]
[ECO "A28"]
[WhiteElo "2059"]
[BlackElo "2198"]
[Annotator "RC"]
[PlyCount "78"]
[EventDate "2024.07.01"]
[EventType "team-tourn"]
[EventCountry "POL"]
[SourceTitle "playchess.com"]
[Source "ChessBase"]
[SourceQuality "1"]
[TimeControl "40/5400+30:1800+30"]

1. c4 e5 2. Nc3 Nf6 3. Nf3 Nc6 4. a3 a5 5. e3 d5 6. cxd5 Nxd5 7. Bb5 Nxc3 8. bxc3 Bd6 9. d4 Bd7 10. e4 O-O 11. O-O h6 12. dxe5 Nxe5 13. Bxd7 Nxd7 14. Nd4 Qh4 15. f4 Bc5 16. Kh1 Nf6 17. Qf3 Qg4 18. e5 Qxf3 19. Rxf3 Nd5 20. Nb3 Be7 21. f5 Rfd8 22. Bd2 Nb6 23. f6 Bf8 24. fxg7 Bxg7 25. Raf1 a4 26. Nd4 c5 27. Nf5 Rxd2 28. Rg3 Rad8 29. Rxg7+ Kh8 30. Rxf7 Re8 31. Rxb7 Nc4 32. Nxh6 Nxe5 33. Re1 Re6 34. h3 Nf3 35. Rb8+ Kh7 36. Rb7+ Kh8 37. Nf7+ Kg8 38. Rf1 Rf2 39. Rd1 Rd2 1/2-1/2